Construct Section Command Post
Selects British Armored Battlegroup
Construct Field Infirmary
Construct Platoon Command Post
Selects Rigorous Vehicle Training
6-pounder Anti-tank Gun Team
6-pounder Anti-tank Gun Team
Selects Crusader AA Medium Tank
Selects Churchill Black Prince Heavy Tank
Churchill Black Prince Heavy Tank